 Dungeon Crawl Stone Soup version 0.26.1-11-gd32895ea62 (webtiles) character file.

Game seed: 103658668908175564

472 dtburroughs the Chopper (level 6, -5/84 HPs)
             Began as a Minotaur Berserker on July 17, 2021.
             Was a Believer of Trog.
             Slain by Menkaure (14 damage)
             ... on level 5 of the Dungeon.
             The game lasted 00:06:17 (5096 turns).

dtburroughs the Chopper (Minotaur Berserker)        Turns: 5096, Time: 00:06:17

Health: -5/84      AC:  7    Str: 22    XL:     6   Next: 83%
Magic:  5/5        EV:  9    Int:  6    God:    Trog [**....]
Gold:   300        SH:  8    Dex:  9    Spells: 5/5 levels left

rFire    . . .     SeeInvis .   a - +0 hand axe
rCold    . . .     Faith    .   s - +0 kite shield
rNeg     . . .     Spirit   .   r - +0 ring mail
rPois    .         Reflect  .   (helmet restricted)
rElec    .         Harm     .   (no cloak)
rCorr    .         Rampage  .   (no gloves)
Will     ++...                  j - +0 pair of boots
Stlth    ..........             (no amulet)
HPRegen  1.24/turn              (no ring)
MPRegen  0.09/turn              (no ring)

@: berserking, lethally poisoned (-5 -> -5), regenerating (expiring), very quick
A: retaliatory headbutt, horns 2
a: Renounce Religion, Berserk, Trog's Hand


You were on level 5 of the Dungeon.
You worshipped Trog.
Trog was pleased with you.
You visited 1 branch of the dungeon, and saw 5 of its levels.

You collected 300 gold pieces.

Inventory:

Hand Weapons
 a - a +0 hand axe (weapon)
Armour
 j - a +0 pair of boots (worn)
 r - a +0 ring mail (worn)
 s - a +0 kite shield (worn)
Wands
 q - a wand of flame (36)
Scrolls
 e - 5 scrolls of identify {unknown}
 f - a scroll of fear {unknown}
 g - a scroll of magic mapping {unknown}
 h - a scroll of enchant armour {unknown}
 k - 5 scrolls of remove curse {unknown}
 l - a scroll of enchant weapon {unknown}
 n - a scroll of teleportation {unknown}
 o - 2 scrolls of immolation {unknown}
 p - a scroll of blinking {unknown}
Potions
 b - a potion of lignification {unknown}
 c - 2 potions of mutation {unknown}
 d - a potion of degeneration {unknown}
 i - 5 potions of curing {unknown}
 m - a potion of might {unknown}


   Skills:
 + Level 5.4 Fighting
 + Level 5.5 Axes
 + Level 4.8 Armour
 + Level 4.2 Dodging
 + Level 1.1 Shields
 + Level 0.6 Evocations


You had 5 spell levels left.
You didn't know any spells.
Your spell library was empty.

Dungeon Overview and Level Annotations

Branches:
Dungeon (5/15)
 Temple: D:4-7

Altars:
Okawaru
Ru
Vehumet

Annotations:
D:5 Menkaure


Innate Abilities, Weirdness & Mutations

You reflexively headbutt those who attack you in melee.
You have a pair of horns on your head.


Message History

You barely miss the centaur. You headbutt the centaur!
The centaur is almost dead.
You barely miss Menkaure. You closely miss the ufetubus.
You feel the effects of Trog's Hand fading.
The centaur hits you but does no damage.
The ufetubus hits you.
* * * LOW HITPOINT WARNING * * *
The ufetubus closely misses you. Menkaure hits you!
* * * LOW HITPOINT WARNING * * *
You block the ufetubus's attack. The ufetubus hits you.
* * * LOW HITPOINT WARNING * * *
The centaur barely misses you.
You slice the centaur!!
You kill the centaur!
Trog accepts your kill.
You slash the ufetubus!
You kill the ufetubus!
Trog accepts your kill.
You hit Menkaure. Menkaure hits you!
You die...

$..#.?### #.......## ######
#........ #.##.#### #......#
###.##....## .....#
#..........# #....# #
##..#.(##.## ##.)..#...#
#..#...<..###(.@M....#
#..#......(((..†..####
##.#..............#
##.#.#........#..(.#
##....#..<............
#......................
#.......................
............##.###.........#
##....#..#.....##
.........#....


You could see Menkaure (fast).

Vanquished Creatures
  Sigmund (D:3)
  A centaur (D:5)
  A howler monkey (D:4)
  An orc priest (D:3)
  An orc wizard (D:5)
  An iguana (D:5)
  2 worker ants
  3 adders
  A white imp (D:5)
  3 ufetubi (D:5)
  2 worms (D:2)
  6 dart slugs
  2 leopard geckos
  8 orcs
  7 giant cockroaches
  7 hobgoblins
  9 jackals
  A quokka (D:5)
  6 bats
  4 frilled lizards
  8 goblins
  5 kobolds
  7 rats
87 creatures vanquished.

Notes
Turn   | Place    | Note
-------+----------+-------------------------------------------
     0 | D:1      | dtburroughs the Minotaur Berserker began the quest for the
                  | Orb.
     0 | D:1      | Reached XP level 1. HP: 19/19 MP: 0/0
   294 | D:1      | Reached XP level 2. HP: 26/27 MP: 1/1
  1164 | D:2      | Reached XP level 3. HP: 30/33 MP: 2/2
  1412 | D:2      | Found an iron altar of Okawaru.
  1559 | D:2      | Reached ** piety under Trog
  1911 | D:3      | Reached XP level 4. HP: 40/40 MP: 3/3
  2859 | D:3      | Noticed Sigmund
  2868 | D:3      | Killed Sigmund
  2869 | D:3      | Reached skill level 5 in Fighting
  2869 | D:3      | Reached skill level 5 in Axes
  2869 | D:3      | Reached XP level 5. HP: 48/48 MP: 4/4
  2869 | D:3      | Reached XP level 6. HP: 56/56 MP: 5/5
  3743 | D:4      | Found a sacrificial altar of Ru.
  4133 | D:5      | Entered Level 5 of the Dungeon
  4834 | D:5      | Reached skill level 1 in Shields
  4995 | D:5      | Found a radiant altar of Vehumet.
  5087 | D:5      | Noticed Menkaure
  5096 | D:5      | Slain by Menkaure

Illustrated notes

Levels and vault maps discovered:
D:1:      lemuel_arrival_muddy, layout_loops_ring, minmay_pentomino_r2
D:2:      layout_loops_ring, nicolae_overflow_hidden_temple
D:3:      layout_basic, uniq_sigmund
D:4:      layout_cave_pods, kennysheep_mini, hex_large
D:5:      layout_cave_pools, lemuel_round_altar, vehumet_altar_wand_db,
          nicolae_qazlal_style_of_elements, lemuel_blue_sif_altar, uniq_menkaure

Skill      XL: |  1  2  3  4  5  6 |
---------------+-------------------+-----
Fighting       | 4 5 |  5.4
Axes           | 4 5 |  5.5
Armour         | 3 4 |  4.8
Dodging        | 3 4 |  4.2
Shields        | 1 |  1.1
Evocations     | |  0.6

Action                   |  1- 3 |  4- 6 || total
-------------------------+-------+-------++-------
Melee: Hand axe          |    79 |   104 ||   183
       Headbutt          |    14 |    19 ||    33
Invok: Trog's Hand       |     1 |     2 ||     3
       Berserk           |       |     3 ||     3
Armor: Animal skin       |    23 |    15 ||    38
       Ring mail         |       |    31 ||    31
Dodge: Dodged            |    67 |    74 ||   141
Block: Kite shield       |       |    31 ||    31
